AoeStats
← Camikthesr13

Nomad

503238129Analyzed
4v4 RM · 1mo ago on Aug 30, 2026· 46m 6s· 8 players
Game mode
Random Map
Map size
231×231
Population
200
Speed
Normal
Resources
Standard
Victory
Conquest
Starting age
Dark Age
Ending age
Imperial Age
RankedLock teamsTeams togetherTeam positionsShared explorationLock speedFull tech treeHidden civsTurbo modeCheats
Victory
Defeat
🇧🇷 Hindustanis · Brazil
1159
+16
🇦🇷 Poles · Argentina
1136
+17
🇲🇽 Khitans · Mexico
1132
+17
🇦🇷 Persians · Argentina
1128
+17
🇦🇷 Vikings · Argentina
1171
-18
🇨🇴 Portuguese · Colombia
1164
-17
🇵🇪 Romans · Peru
1149
-17
🇲🇽 Huns · Mexico
1137
-16
cristian2000sc
4:20 Loom
13:54 Feudal Age
15:06 Double-Bit Axe
22:01 Castle Age
23:06 Domestication
23:52 Medium Warships
27:32 Bow Saw
31:45 Pastoralism
33:43 Squires
35:34 Wheelbarrow
36:20 Stone Mining
36:21 Gold Mining
39:16 Gambesons
39:33 Scale Mail Armor
42:49 Imperial Age
44:17 Conscription
44:06 Lamellar Armor
46:24 Heavy Warships
Vhl.Leader
11:15 Loom
13:50 Feudal Age
21:36 Castle Age
20:31 Double-Bit Axe
21:04 Fletching
21:43 Crossbowman
31:22 Horse Collar
34:36 Pikeman
40:07 Bodkin Arrow
40:34 Padded Archer Armor
45:59 Wheelbarrow
48:59 Imperial Age
hualiya44
3:12 Loom
16:16 Feudal Age
16:56 Town Watch
20:45 Castle Age
19:11 Double-Bit Axe
20:00 Bloodlines
21:18 Husbandry
21:34 Forging
27:53 Wheelbarrow
28:56 Hand Cart
29:27 Gold Mining
29:20 Horse Collar
30:44 Iron Casting
32:39 Heavy Plow
33:01 Bow Saw
32:50 Stone Mining
34:30 Gold Shaft Mining
34:33 Stone Shaft Mining
38:00 Imperial Age
35:42 Scale Barding Armor
36:03 Town Patrol
37:39 Cavalier
39:33 Blast Furnace
38:54 Chain Barding Armor
39:48 Two-Man Saw
39:20 Crop Rotation
40:05 Conscription
40:01 Savar
42:04 Chemistry
40:36 Heavy Camel Rider
42:32 Plate Barding Armor
41:49 Fletching
42:24 Ballistics
42:15 Masonry
42:01 Murder Holes
1979
5:18 Loom
13:05 Feudal Age
15:22 Scale Barding Armor
15:25 Horse Collar
15:54 Town Watch
17:11 Bloodlines
18:51 Forging
23:09 Castle Age
21:01 Double-Bit Axe
22:09 Fishing Lines
24:29 Chain Barding Armor
24:45 Iron Casting
24:44 Bow Saw
24:44 Husbandry
26:29 Light Cavalry
36:01 Imperial Age
33:30 Stone Mining
35:21 Scale Mail Armor
36:02 Stone Shaft Mining
35:25 Gold Mining
36:27 Wheelbarrow
36:36 Wheelbarrow
36:32 Town Patrol
36:14 Winged Hussar
38:17 Blast Furnace
38:12 Chain Mail Armor
39:15 Lechitic Legacy
40:43 Hand Cart
41:36 Conscription
42:17 Heavy Plow
43:52 Plate Mail Armor
43:32 Fletching
HUGO BOSS
6:30 Loom
15:49 Feudal Age
19:05 Double-Bit Axe
20:35 Wheelbarrow
21:52 Gold Mining
27:59 Castle Age
26:32 Stone Mining
27:15 Scale Barding Armor
28:54 Bloodlines
29:12 Chain Barding Armor
29:03 Forging
30:05 Town Watch
31:17 Medium Warships
32:22 Iron Casting
31:41 Horse Collar
32:14 Bow Saw
34:48 Hand Cart
36:03 Husbandry
38:09 Town Patrol
39:13 Squires
39:40 Thumb Ring
39:28 Fletching
41:18 Heavy Plow
42:06 Pikeman
42:38 Arson
43:07 Arson
45:59 Imperial Age
Camikthesr13
4:14 Loom
15:16 Feudal Age
16:09 Horse Collar
16:21 Double-Bit Axe
28:17 Castle Age
26:16 Gold Mining
26:23 Stone Mining
30:24 Crossbowman
31:10 Thumb Ring
30:29 Pikeman
33:35 Stone Shaft Mining
35:44 Town Watch
36:25 Fletching
36:36 Padded Archer Armor
44:54 Imperial Age
43:00 Wheelbarrow
42:45 Bow Saw
43:25 Murder Holes
Manu
15:14 Feudal Age
15:07 Loom
16:35 Fletching
22:22 Castle Age
21:08 Double-Bit Axe
39:13 Scale Mail Armor
braysonyt
3:18 Loom
15:43 Feudal Age
24:15 Castle Age
22:29 Horse Collar
23:34 Town Watch
24:00 Double-Bit Axe
Connection lost

Rejoining the realm…

Still unreachable

The connection could not be restored.

Session expired

The server has moved on; the page needs a fresh start.